Map: Chantier naval orbital

Players

Worming - Winner!

  • Race: Zerg Zerg
  • League: Platinum

Behemoth

  • Race: Protoss Protoss
  • League: Platinum

VOD

Have the link to the VOD?

Description

Time

  • Played on: Nov. 12, 2015, 1:09 p.m.
  • Length: 15:25
Show
View Real Time Build Order
Export as new Build Order

Worming Zerg - Winner!

Build Orders: Pool First, Lurkers 

Get SALT Encoding   

  12  0:01  Drone  
  13  0:13  Overlord  
  13  0:19  Drone  
  14  0:33  Drone x2  
  16  0:38  Drone  
  17  0:46  Drone  
  18  0:51  Spawning Pool  
  18  0:56  Drone  
  18  1:14  Hatchery  
  18  1:17  Drone  
  18  1:30  Overlord  
  18  1:38  Queen, Zergling x2  
  21  1:42  Extractor  
  20  1:49  Drone  
  21  2:10  Drone x2, Hatchery  
  22  2:34  Drone x2  
  22  2:35  Drone x2  
  26  2:40  Drone  
  26  2:41  Queen  
  29  2:47  Metabolic Boost  
  29  2:58  Extractor  
  29  3:01  Drone x2  
  30  3:07  Roach Warren  
  30  3:11  Overlord  
  29  3:31  Zergling x6  
  29  3:34  Drone x2  
  34  3:52  Roach  
  34  3:53  Roach x7  
  50  3:57  Overlord  
  48  4:25  Drone x8, Overlord  
  54  4:53  Roach x2  
  56  5:07  Roach  
  56  5:08  Roach x4  
  56  5:09  Overlord  
  56  5:10  Overlord x2  
  66  5:21  Queen  
  66  5:26  Queen  
  58  5:37  Roach  
  58  5:38  Roach x6  
  67  5:45  Queen  
  57  6:20  Zergling x2  
  57  6:21  Zergling x18  
  66  6:25  Ravager  
  65  6:32  Drone  
  65  6:33  Drone  
  66  6:50  Roach  
  66  6:51  Roach x3  
  69  6:59  Hatchery  
  68  7:05  Roach x3  
  68  7:07  Queen  
  74  7:10  Overlord  
  74  7:18  Roach x2  
  74  7:22  Spine Crawler  
  77  7:23  Spine Crawler  
  77  7:27  Overlord  
  76  7:32  Zergling x2  
  77  7:44  Ravager  
  78  8:07  Queen x2  
  82  8:15  Drone  
  82  8:16  Drone x10  
  92  8:29  Drone x4  
  95  8:43  Lair  
  95  8:45  Drone x3  
  95  8:46  Drone  
  95  8:59  Drone x4  
  88  9:20  Drone x2, Extractor x2  
  88  9:21  Drone x3  
  88  9:22  Drone  
  88  9:23  Drone x3  
  88  9:24  Drone x3  
  98  9:27  Extractor x2  
  98  9:29  Drone x2, Evolution Chamber  
  98  9:30  Drone  
  98  9:31  Drone x3  
  100  9:32  Overlord x3  
  101  9:44  Glial Reconstitution  
  101  9:48  Hydralisk Den  
  100  9:58  Overlord  
  100  10:00  Zergling x2  
  100  10:01  Zergling x2  
  100  10:03  Zerg Missile Weapons Level 1  
  100  10:05  Overlord x2  
  102  10:21  Lurker Den  
  102  10:22  Hydralisk x9  
  102  10:25  Hatchery  
  118  10:47  Overseer  
  91  11:24  Roach  
  91  11:25  Roach x7  
  107  11:26  Roach x2  
  107  11:30  Hydralisk, Pneumatized Carapace  
  107  11:31  Hydralisk x4  
  121  11:35  Roach x2  
  125  11:47  Lurker x2  
  125  11:48  Lurker x7  
  125  11:49  Roach  
  125  11:50  Roach x8  
  152  12:01  Muscular Augments  
  152  12:02  Zergling x14  
  152  12:03  Zergling x2, Overlord  
  152  12:04  Overlord  
  126  12:57  Hydralisk x2  
  126  12:58  Roach x3, Hydralisk x3  
  116  12:59  Zergling x2, Roach x2  
  116  13:00  Zergling x10  
  134  13:17  Roach, Hydralisk x4  
  134  13:18  Roach x4  
  138  13:32  Hydralisk x2  
  138  13:33  Roach x3  
  129  13:48  Ravager  
  120  13:49  Lurker x3  
  120  13:50  Roach  
  120  13:51  Roach x9  
  120  13:52  Roach  
  145  14:00  Lurker  
  145  14:01  Lurker  
  144  14:06  Lurker  
  144  14:07  Hydralisk x4  
  150  14:16  Extractor  
  149  14:19  Extractor  
  140  14:33  Hydralisk x3  
  140  14:34  Roach x5, Hydralisk x2  
  140  14:56  Lurker x2  
  140  14:57  Lurker, Hydralisk x2  
  140  14:58  Zergling x14  
  150  15:03  Drone x3  
Show
View Real Time Build Order
Export as new Build Order

Behemoth Protoss 

Build Orders: Nexus First 

Get SALT Encoding   

  12  0:01  Probe (Chrono Boost)  
  13  0:12  Probe (Chrono Boost)  
  14  0:22  Pylon  
  14  0:25  Probe (Chrono Boost)  
  15  0:41  Probe (Chrono Boost)  
  16  0:57  Nexus  
  16  1:09  Gateway  
  16  1:15  Assimilator  
  16  1:17  Probe (Chrono Boost)  
  17  1:28  Probe (Chrono Boost)  
  18  1:38  Probe (Chrono Boost)  
  19  1:49  Probe (Chrono Boost)  
  20  1:56  Cybernetics Core, Zealot  
  20  1:59  Probe (Chrono Boost)  
  23  2:10  Probe (Chrono Boost)  
  24  2:15  Pylon  
  24  2:20  Probe x2 (Chrono Boost)  
  26  2:30  Probe (Chrono Boost)  
  26  2:32  Warp Gate (Chrono Boost)  
  26  2:35  Mothership Core  
  29  2:40  Gateway, Probe  
  30  2:50  Probe  
  30  2:56  Probe  
  32  3:01  Probe  
  33  3:08  Probe  
  33  3:09  Gateway  
  33  3:11  Gateway  
  34  3:14  Gateway  
  34  3:15  Gateway  
  34  3:18  Sentry  
  36  3:22  Gateway  
  36  3:24  Probe  
  36  3:25  Probe  
  38  3:35  Pylon  
  38  3:40  Probe, Pylon  
  38  3:41  Probe  
  40  3:49  Pylon  
  40  3:51  Probe  
  40  3:53  Probe  
  42  4:05  Pylon  
  40  4:24  Stalker x2  
  40  4:26  Zealot x3  
  40  4:27  Zealot  
  40  4:28  Zealot  
  54  4:35  Pylon  
  54  4:48  Zealot  
  54  4:51  Zealot x4  
  54  4:52  Zealot x2  
  68  5:10  Zealot  
  68  5:11  Zealot x2  
  68  5:12  Zealot x2  
  74  5:29  Stalker x2  
  64  5:48  Stalker x4  
  66  5:50  Zealot x3  
  60  6:11  Stalker  
  60  6:12  Zealot x3  
  60  6:13  Zealot x3  
  60  6:17  Pylon  
  74  6:19  Pylon  
  74  6:21  Forge  
  72  6:25  Assimilator  
  72  6:30  Assimilator  
  70  6:34  Zealot, Stalker x2  
  70  6:35  Zealot x4  
  70  6:39  Probe x2 (Chrono Boost)  
  82  6:50  Probe x2 (Chrono Boost)  
  84  6:57  Nexus  
  80  7:01  Zealot x2  
  78  7:13  Protoss Ground Weapons Level 1 (Chrono Boost), Pylon  
  78  7:15  Pylon  
  78  7:16  Mothership Core (Chrono Boost), Probe (Chrono Boost)  
  81  7:27  Probe (Chrono Boost)  
  82  7:32  Robotics Facility  
  82  7:33  Pylon  
  82  7:38  Photon Cannon  
  82  7:42  Probe x2 (Chrono Boost)  
  84  7:52  Probe x2 (Chrono Boost)  
  84  7:55  Sentry  
  88  8:01  Probe  
  88  8:03  Probe  
  90  8:11  Probe  
  90  8:15  Probe  
  90  8:16  Robotics Facility  
  92  8:23  Immortal (Chrono Boost)  
  92  8:26  Probe  
  96  8:27  Probe x2  
  96  8:30  Assimilator  
  99  8:35  Assimilator x2  
  99  8:36  Probe  
  99  8:38  Sentry  
  99  8:39  Probe  
  99  8:49  Protoss Ground Armor Level 1  
  99  8:51  Stalker x2  
  99  8:52  Zealot, Stalker x2  
  99  8:53  Zealot  
  105  9:18  Probe x2, Immortal (Chrono Boost)  
  105  9:21  Immortal (Chrono Boost)  
  111  9:28  Nexus  
  111  9:31  Pylon  
  111  9:33  Pylon  
  111  9:38  Pylon  
  111  9:39  Robotics Bay  
  111  9:41  Probe  
  111  9:43  Probe x2  
  114  9:48  Sentry  
  114  9:50  Pylon  
  116  9:53  Pylon  
  116  9:55  Immortal (Chrono Boost)  
  116  9:57  Observer (Chrono Boost)  
  116  9:59  Twilight Council  
  121  10:10  Gateway, Photon Cannon  
  121  10:11  Gateway  
  121  10:15  Photon Cannon  
  121  10:23  Colossus (Chrono Boost), Assimilator  
  121  10:25  Assimilator  
  121  10:28  Disruptor (Chrono Boost)  
  124  10:32  Extended Thermal Lance  
  124  10:34  Probe  
  130  10:35  Probe  
  130  10:36  Probe  
  133  10:48  Probe x2  
  135  10:53  Protoss Ground Weapons Level 2, Charge (Chrono Boost)  
  135  10:56  Zealot x2  
  135  10:57  Zealot x2  
  133  11:14  Colossus  
  137  11:18  Probe  
  137  11:19  Probe  
  137  11:20  Probe x2  
  137  11:22  Colossus  
  137  11:24  Photon Cannon  
  147  11:35  Templar Archives  
  147  11:38  Pylon  
  147  11:40  Pylon  
  147  11:56  Pylon  
  147  12:04  Dark Shrine  
  147  12:06  Stalker x3  
  147  12:08  Colossus  
  153  12:09  Colossus  
  153  12:13  Pylon  
  159  12:16  Zealot  
  159  12:17  Zealot x3  
  159  12:18  Zealot  
  164  12:39  Photon Cannon  
  164  12:41  Photon Cannon  
  144  12:45  Gateway  
  86  13:02  Observer, Colossus  
  83  13:07  Zealot  
  83  13:08  Zealot x6  
  95  13:23  Colossus  
  97  13:28  Zealot x6  
  101  13:41  Zealot  
  101  13:42  Zealot  
  91  13:49  Colossus  
  91  13:51  Dark Templar x4  
  91  13:55  Dark Templar  
  105  14:08  High Templar x4  
  107  14:15  Archon  
  107  14:16  Archon, Colossus  
  107  14:31  Zealot  
  107  14:32  Zealot x3  
  101  14:45  Dark Templar x4  
Tags
 
Add a new tag
Caveats
  • Supply blocks, unpowered buildings, or Contaminate may cause inaccurate times.
  • Supply counts are checked every 10 seconds.